 Dungeon Crawl Stone Soup version 0.31-a0-819-gf6de2f5ab6 (webtiles) character file.

Game seed: 1304658413556897413

413 Leeroy the Changeling (level 6, -10/52 HPs)
             Began as a Draconian Shapeshifter on Sept 23, 2023.
             Mangled by an ogre
             ... wielding a +0 giant club
              (24 damage)
             ... on level 4 of the Dungeon.
             The game lasted 00:06:57 (4347 turns).

Leeroy the Changeling (Draconian Shapeshifter)      Turns: 4347, Time: 00:06:57

Health: -10/52     AC:  6    Str: 19    XL:     6   Next: 59%
Magic:  6/6        EV: 12    Int: 10    God:
Gold:   202        SH:  0    Dex: 10    Spells: 5/5 levels left

rFire   + .          .
                       - Unarmed
rCold   + . .        (no shield)
rNeg    . . .        (body armour unavailable)
rPois   +            (helmet currently unavailable)
rElec   +            (cloak currently unavailable)
rCorr   +            (gloves currently unavailable)
SInv    .            (boots currently unavailable)
Will    +....        (no amulet)
Stlth   +            e - ring of willpower
HPRegen 0.28/turn    (no ring)
MPRegen 0.10/turn

%: no passive effects
@: beast-form, resistant
A: beast (slay +2), AC +6, unfitting armour, cold-blooded
a: Begin Untransformation


You were on level 4 of the Dungeon.
You were a hulking beast.
You visited 1 branch of the dungeon, and saw 4 of its levels.

You collected 202 gold pieces.

Inventory:

Missiles
 m - 19 stones
 p - a throwing net
Jewellery
 e - a ring of willpower (left hand)
 o - an amulet of the acrobat
Talismans
 b - a beast talisman (active)
 c - a flux talisman
Scrolls
 g - a scroll of noise {unknown}
 h - 2 scrolls of teleportation {unknown}
 i - a scroll of fear {unknown}
 j - a scroll of fog {unknown}
 n - 2 scrolls of vulnerability {unknown}
Potions
 a - a potion of lignification
 d - 2 potions of curing
 f - 2 potions of mutation {unknown}
 k - a potion of might {unknown}
 l - 2 potions of heal wounds {unknown}
 r - a potion of brilliance {unknown}


   Skills:
 - Level 4.2 Fighting
 - Level 1.7 Dodging
 + Level 4.4 Unarmed Combat
 - Level 5.2 Shapeshifting


You had 5 spell levels left.
You didn't know any spells.
Your spell library contained the following spells:

 Spells                   Type           Power      Damage    Failure   Level
 Sting                    Tmut/Pois      0%         1d3       36%         1
 Poisonous Vapours        Pois/Air       0%         N/A       50%         2
 Olgreb's Toxic Radiance  Pois           0%         N/A       98%         4


Dungeon Overview and Level Annotations

Branches:
Dungeon (4/15)
 Temple: D:4-7

Altars:
Vehumet
The Shining One


Innate Abilities, Weirdness & Mutations

You are a hulking beast.
Your limbs bulge with bestial killing power. (Slay +2)
Your plain brown scales are hard. (AC +6)
You cannot fit into any form of body armour.
You are cold-blooded and may be slowed by cold attacks.


Message History

You close the door.
An ogre opens the door.
You close the door.
An ogre opens the door.
You close the door.
An ogre opens the door.
You close the door.
An ogre opens the door.
As you close the door, it creaks loudly!
You hear a shout!
An ogre opens the door.
You close the door.
An ogre opens the door.
You close the door.
An ogre opens the door.
You close the door.
An ogre breaks down the door.
It's broken and can't be closed.
It's broken and can't be closed.
It's broken and can't be closed.
It's broken and can't be closed.
It's broken and can't be closed.
It's broken and can't be closed.
It's broken and can't be closed.
The ogre attacks as it pursues you!
The ogre hits you with a +0 giant club!!
Ouch! That really hurt!
Okay, then.
Okay, then.
Okay, then.
It was a potion of curing.
You feel better.
It was a potion of resistance.
You feel protected. The ogre misses you.
You hit the ogre.
The ogre is moderately wounded.
The ogre hits you with a +0 giant club!
* * * LOW HITPOINT WARNING * * *
You punch the ogre! You tail-slap the ogre.
The ogre is heavily wounded.
You hit the ogre but do no damage.
The ogre is heavily wounded.
The ogre closely misses you.
You punch the ogre!
The ogre is almost dead.
The ogre hits you with a +0 giant club!!
You die...

#...##.....##..+#......#
##..# ...##.....######
....####+#.#......#
....##....#.......#
..................#
..................#
....K##...#.......######
.....#######'#####.....#
..O........#...Oh'.....#
...........#.....#.....#
..<........#.....#.....#
##################.....#
#######


You could see an ogre.

Vanquished Creatures
  A hound (D:4)
  2 orc priests
  2 iguanas (D:4)
  An orc wizard (D:3)
  Robin (D:2)
  8 adders
  4 gnolls
  A white imp (D:4)
  A worm (D:2)
  3 dart slugs
  9 orcs
  4 ball pythons
  3 bats
  6 endoplasms
  4 giant cockroaches
  14 goblins
  5 hobgoblins
  10 jackals
  8 kobolds
  3 quokkas
  2 hobgoblin zombies (D:4)
  2 kobold skeletons (D:4)
  2 kobold zombies (D:4)
  2 orc skeletons (D:4)
  3 orc zombies (D:4)
  2 rats
103 creatures vanquished.

Vanquished Creatures (others)
  A goblin (D:2)
1 creature vanquished.

Grand Total: 104 creatures vanquished

Notes
Turn   | Place    | Note
-------+----------+-------------------------------------------
     0 | D:1      | Leeroy the Draconian Shapeshifter began the quest for the
                  | Orb.
     0 | D:1      | Reached XP level 1. HP: 16/16 MP: 1/1
   210 | D:1      | Reached XP level 2. HP: 15/23 MP: 2/2
   933 | D:2      | Noticed Robin
   938 | D:2      | Reached skill level 4 in Shapeshifting
  1112 | D:2      | Reached XP level 3. HP: 23/28 MP: 3/3
  1430 | D:2      | Killed Robin
  1541 | D:2      | Reached XP level 4. HP: 37/37 MP: 4/4
  1763 | D:2      | Found a faded altar of an unknown god.
  1803 | D:2      | Found a radiant altar of Vehumet.
  2565 | D:3      | Reached XP level 5. HP: 42/46 MP: 5/5
  3169 | D:3      | Reached skill level 5 in Shapeshifting
  3367 | D:4      | Reached XP level 6. HP: 10/52 MP: 6/6
  4019 | D:4      | Found a glowing golden altar of the Shining One.
  4347 | D:4      | Mangled by an ogre

Illustrated notes

Levels and vault maps discovered:
D:1:      heliophobic_arrival_dark_side_of_the_moon, layout_basic,
          amcnicky_mini_corridor_feature
D:2:      layout_basic, basic_altar, hellmonk_ecumenical_altar_leap_of_faith,
          uniq_robin
D:3:      layout_rooms
D:4:      layout_gridville, grunt_temple_overflow_champion_of_chaos,
          nicolae_tso_besieged_by_evil, lemuel_tele_altar, nicolae_eternal_life,
          hangedman_decor_lopped, chequers_serial_rivers_marsh

Skill      XL: |  1  2  3  4  5  6 |
---------------+-------------------+-----
Shapeshifting  | 4 5 |  5.2
Fighting       | 2 4 |  4.2
Unarmed Combat | 4 |  4.4
Dodging        | |  1.7

Action                     |  1- 3 |  4- 6 || total
---------------------------+-------+-------++-------
  Melee: Unarmed           |   109 |   218 ||   327
         Tailslap          |    12 |    28 ||    40
         Punch             |     5 |     7 ||    12
    Use: Potion            |       |     4 ||     4
   Stab: Sleeping          |     2 |       ||     2
 Armour: Skin              |    54 |   154 ||   208
  Dodge: Dodged            |    78 |   128 ||   206

Table legend: (Time is in decaauts)
 A = Elapsed time spent in this place.
 B = Non-inter-level travel time spent in this place.
 C = Inter-level travel time spent in this place.
 D = Time resting spent in this place.
 E = Time spent auto-exploring this place.
 F = Levels seen in this place.
 G = Mean time per level.
                   A        B        C        D        E       F      G
               +--------+--------+--------+--------+--------+-----+--------+
         Total |   4337 |   4190 |    147 |   1035 |   2404 |   4 | 1084.2 |
       Dungeon |   4337 |   4190 |    147 |   1035 |   2404 |   4 | 1084.2 |
               +--------+--------+--------+--------+--------+-----+--------+

Top non-repeatable levels by time:
     D:1: 1276 daAuts
     D:2: 1256 daAuts
     D:4: 1017 daAuts
     D:3: 788 daAuts
